AoeStats
← kaiapple

African Clearing

504989786Analyzed
4v4 RM · 26d ago on Sep 7, 2026· 31m 13s· 8 players
Game mode
Random Map
Map size
Large (8 player)
Population
200
Speed
Normal
Resources
Standard
Victory
Conquest
Starting age
Dark Age
Ending age
Imperial Age
RankedLock teamsTeams togetherTeam positionsShared explorationLock speedFull tech treeHidden civsTurbo modeCheats
Victory
Defeat
🇪🇸 Goths · Spain
1147
+16
🇦🇷 Huns · Argentina
1145
+16
🇨🇳 Spanish · China
1138
+17
🇬🇷 Lithuanians · Greece
1115
+18
🇦🇺 Koreans · Australia
1207
-19
🇨🇳 Magyars · China
1201
-18
🇨🇳 Burmese · China
1127
-16
🇨🇳 Malay · China
1082
-14
odro
3:37 Loom
14:54 Feudal Age
15:25 Horse Collar
15:32 Double-Bit Axe
16:24 Wheelbarrow
20:38 Castle Age
19:35 Stone Mining
19:39 Gold Mining
20:19 Town Watch
22:21 Heavy Plow
26:31 Hand Cart
29:15 Forging
29:05 Scale Mail Armor
29:56 Stone Shaft Mining
29:47 Anarchy
33:57 Imperial Age
31:39 Squires
31:00 Man-at-Arms
aLaNi
7:10 Loom
16:09 Feudal Age
21:48 Castle Age
20:17 Scale Barding Armor
21:00 Bloodlines
20:48 Double-Bit Axe
22:15 Forging
22:02 Horse Collar
26:15 Husbandry
28:21 Pikeman
CNZS_carlar
13:30 Feudal Age
17:42 Castle Age
31:24 Wheelbarrow
31:33 Padded Archer Armor
lucasferraro.lp
3:59 Loom
12:58 Feudal Age
13:30 Double-Bit Axe
13:35 Man-at-Arms
30:10 Castle Age
28:57 Scale Mail Armor
29:56 Forging
29:57 Horse Collar
30:16 Pikeman
31:04 Fletching
caolw9
7:00 Loom
16:15 Feudal Age
20:11 Castle Age
19:44 Gold Mining
20:05 Scale Barding Armor
20:10 Forging
21:02 Bloodlines
21:17 Chain Barding Armor
21:25 Husbandry
22:19 Gold Shaft Mining
22:54 Iron Casting
25:21 Wheelbarrow
XZ.Lumber.AX
5:23 Loom
LESLIE
5:56 Loom
13:47 Feudal Age
13:31 Double-Bit Axe
14:33 Town Watch
kaiapple
5:30 Loom
13:51 Feudal Age
14:23 Double-Bit Axe
16:36 Horse Collar
16:48 Gold Mining
21:56 Castle Age
20:50 Forging
22:19 Stone Mining
Connection lost

Rejoining the realm…

Still unreachable

The connection could not be restored.

Session expired

The server has moved on; the page needs a fresh start.